 Dungeon Crawl Stone Soup version 0.26-a0-259-g1effd001a9 (webtiles) character file.

Game seed: 14725824462285491052

601634 vurker the Hand of Fortune (level 25, -2/234 HPs)
             Began as a Demonspawn Brigand on July 16, 2020.
             Was the Champion of Nemelex Xobeh.
             Slain by an Orb Guardian (24 damage)
             ... on level 5 of the Realm of Zot.
             The game lasted 02:19:04 (62848 turns).

vurker the Hand of Fortune (Demonspawn Brigand)    Turns: 62848, Time: 02:19:05

Health: -2/234     AC: 43    Str: 28    XL:     25   Next: 98%
Magic:  0/31       EV:  9    Int: 14    God:    Nemelex Xobeh [******]
Gold:   3499       SH: 27    Dex: 12    Spells: 24/24 levels left

rFire    + + .     SeeInvis +   b - +9 eveningstar (drain)
rCold    + + +     Faith    .   T - +2 tower shield
rNeg     + . .     Spirit   +   w - +10 gold dragon scales
rPois    +         Reflect  +   G - +3 helmet "Ytadd" {Int+3}
rElec    +         Harm     .   I - +2 cloak {rCorr}
rCorr    +         Rnd*Rage +   Q - +2 pair of gloves {Str+3}
MR       ++...     Rnd*Tele +   (boots unavailable)
Stlth    ..........             l - amulet of reflection
HPRegen  0.89/turn              Z - ring "Wacagymi" {rF+ Stlth+}
MPRegen  0.44/turn              R - ring "Zafugaor" {rC+ MR+ Int-3 SInv Stlth+}

@: no status effects
A: talons 3, thin metallic scales 3, berserk 1, clumsy 1, cold resistance 1,
deformed body, deterioration 2, low mp 2, negative energy resistance 1, powered
by death 3, regeneration 1, robust 1, screaming 2, 50% torment resistance,
strong 1, teleportitis 1, magic shield, magic regeneration, magic link, no
potion heal 1, black mark
}: 4/15 runes: barnacled, silver, abyssal, gossamer
a: Draw Escape, Draw Destruction, Draw Summoning, Triple Draw, Deal Four, Stack
Five, Renounce Religion


You were on level 5 of the Realm of Zot.
You worshipped Nemelex Xobeh.
Nemelex Xobeh was exalted by your worship.
You were not hungry.

You visited 10 branches of the dungeon, and saw 50 of its levels.
You visited the Abyss 1 time.
You visited 1 bazaar.
You also visited: Sewer, Ossuary and Bailey.

You collected 7191 gold pieces.
You spent 3692 gold pieces at shops.

Inventory:

Hand Weapons
 a - a +3 vorpal broad axe
   (You took it off a vault warden on level 1 of the Vaults)
 b - a +9 eveningstar of draining (weapon)
   (You took it off Louise on level 3 of the Shoals)
Missiles
 s - 10 throwing nets
 O - 35 silver javelins (quivered)
Armour
 w - +10 gold dragon scales (worn)
   (You found it on level 5 of the Vaults)
 G - the +3 helmet "Ytadd" (worn) {Int+3}
   (You found it on level 3 of the Depths)

   It affects your intelligence (+3).
 I - a +2 cloak of preservation (worn)
   (You found it on level 3 of the Elven Halls)
 Q - a +2 pair of gloves of strength (worn)
   (You bought it in a shop on level 2 of the Orcish Mines)
 T - a +2 tower shield (worn)
   (You took it off a vault warden on level 3 of the Vaults)
Jewellery
 l - an amulet of reflection (around neck)
   (You took it off a deep elf high priest on level 3 of the Depths)
 H - the ring "Tozour" {rN++ Str+3 Dex+6}
   (You took it off a skeletal warrior on level 15 of the Dungeon)

   [ring of dexterity]

   It affects your strength (+3).
   It affects your dexterity (+6).
   It greatly protects you from negative energy.
 R - the ring "Zafugaor" (right hand) {rC+ MR+ Int-3 SInv Stlth+}
   (You took it off a merfolk impaler on level 4 of the Shoals)

   [ring of see invisible]

   It affects your intelligence (-3).
   It protects you from cold.
   It affects your resistance to hostile enchantments.
   It lets you see invisible.
   It makes you more stealthy.
 U - an uncursed ring of protection from magic
   (You took it off a rakshasa on level 3 of the Depths)
 W - the ring of Cekereus {rCorr Str+4 Int-5}
   (You took it off a tengu warrior on level 15 of the Dungeon)

   [ring of resist corrosion]

   It affects your strength (+4).
   It affects your intelligence (-5).
   It provides partial protection from all sources of acid and corrosion.
 Y - the ring of the Worm {+Blink +Inv rElec rPois AC+4}
   (You found it on level 15 of the Dungeon)

   [ring of protection]

   It affects your AC (+4).
   It insulates you from electricity.
   It protects you from poison.
   It lets you turn invisible.
   It lets you blink.
 Z - the ring "Wacagymi" (left hand) {rF+ Stlth+}
   (You took it off a frost giant on level 3 of the Depths)

   [ring of stealth]

   It protects you from fire.
   It makes you more stealthy.
Wands
 c - a wand of disintegration (37)
   (You found it on level 4 of the Spider Nest)
 d - a wand of iceblast (54)
   (You found it on level 8 of the Dungeon)
 u - a wand of paralysis (28)
   (You found it on level 1 of the Shoals)
 v - a wand of digging (9)
   (You found it on level 9 of the Dungeon)
 x - a wand of acid (34)
   (You found it on level 6 of the Lair of Beasts)
 X - a wand of clouds (8)
   (You found it on level 15 of the Dungeon)
Scrolls
 i - 4 scrolls of fog
 k - 6 scrolls of magic mapping
 n - 16 scrolls of identify
 q - 23 scrolls of teleportation
 r - 13 scrolls of enchant weapon
 t - 27 scrolls of remove curse
 y - 3 scrolls of summoning
 z - 6 scrolls of blinking
 A - 5 scrolls of silence
 C - 6 scrolls of immolation
 J - 10 scrolls of fear
 L - 3 scrolls of vulnerability
Potions
 g - 5 potions of haste
 h - 15 potions of heal wounds
 j - 5 potions of resistance
 o - 29 potions of curing
 p - 9 potions of ambrosia
 B - 4 potions of might
 D - 8 potions of mutation
 E - 3 potions of magic
 F - 4 potions of invisibility
 K - 4 potions of flight
 M - 5 potions of cancellation
 N - 7 potions of lignification
Comestibles
 e - 116 rations


   Skills:
 + Level 20.8 Fighting
   Level 1.7 Short Blades
 - Level 13.7(16.0) Maces & Flails
   Level 14.0(16.0) Staves
 - Level 12.0 Throwing
 * Level 20.0 Armour
 + Level 11.3 Dodging
 - Level 3.6 Stealth
 + Level 13.6 Shields
 + Level 24.9 Invocations
 - Level 5.0 Evocations


You had 24 spell levels left.
You didn't know any spells.
Your spell library contained the following spells:

 Spells                   Type           Power        Failure   Level
 Animate Skeleton         Necr           #.....       100%        1
 Beastly Appendage        Tmut           #.....       100%        1
 Corona                   Hex            #......      100%        1
 Foxfire                  Conj/Fire      #...         100%        1
 Magic Dart               Conj           #...         100%        1
 Sandblast                Erth           #.....       100%        1
 Shock                    Conj/Air       #...         100%        1
 Sting                    Tmut/Pois      #...         100%        1
 Summon Butterflies       Summ           #.......     100%        1
 Blink                    Tloc           N/A          100%        2
 Call Imp                 Summ           #.......     100%        2
 Corpse Rot               Necr/Air       N/A          100%        2
 Passwall                 Tmut/Erth      #.......     100%        2
 Poisonous Vapours        Pois/Air       #.....       100%        2
 Shroud of Golubria       Chrm/Tloc      #.....       100%        2
 Slow                     Hex            #.......     100%        2
 Sticks to Snakes         Tmut           #.......     100%        2
 Sublimation of Blood     Necr           #.........   100%        2
 Swiftness                Chrm/Air       #.......     100%        2
 Conjure Flame            Conj/Fire      #.......     100%        3
 Dazzling Flash           Conj/Hex       #.....       100%        3
 Frozen Ramparts          Ice            #.....       100%        3
 Gell's Gravitas          Tloc           #.........   100%        3
 Ignite Poison            Fire/Tmut/Pois #.......     100%        3
 Inner Flame              Hex/Fire       #.......     100%        3
 Lesser Beckoning         Tloc           #.........   100%        3
 Mephitic Cloud           Conj/Pois/Air  #.......     100%        3
 Portal Projectile        Hex/Tloc       #.....       100%        3
 Spider Form              Tmut/Pois      #.........   100%        3
 Static Discharge         Conj/Air       #.......     100%        3
 Stone Arrow              Conj/Erth      #.....       100%        3
 Summon Guardian Golem    Hex/Summ       #.......     100%        3
 Teleport Other           Tloc           #.......     100%        3
 Airstrike                Air            #.........   100%        4
 Cause Fear               Hex            #.........   100%        4
 Dispel Undead            Necr           #.......     100%        4
 Ice Form                 Ice/Tmut       #.......     100%        4
 Leda's Liquefaction      Hex/Erth       #.........   100%        4
 Olgreb's Toxic Radiance  Pois           #.......     100%        4
 Passage of Golubria      Tloc           N/A          100%        4
 Petrify                  Tmut/Erth      #.......     100%        4
 Sticky Flame             Conj/Fire      #.......     100%        4
 Summon Ice Beast         Ice/Summ       #.......     100%        4
 Agony                    Necr           #.......     100%        5
 Blade Hands              Tmut           #.........   100%        5
 Borgnjor's Vile Clutch   Necr/Erth      #.........   100%        5
 Excruciating Wounds      Chrm/Necr      #.........   100%        5
 Fireball                 Conj/Fire      #.........   100%        5
 Iskenderun's Battlesphe  Conj/Chrm      #.......     100%        5
 Lee's Rapid Deconstruct  Erth           #.........   100%        5
 Lightning Bolt           Conj/Air       #.........   100%        5
 Silence                  Hex/Air        #.........   100%        5
 Summon Forest            Summ/Tloc      #.........   100%        5
 Summon Mana Viper        Hex/Summ       #.......     100%        5
 Yara's Violent Unravell  Hex/Tmut       #.........   100%        5
 Death Channel            Necr           #.........   100%        6
 Eringya's Noxious Bog    Tmut/Pois      #.........   100%        6
 Freezing Cloud           Conj/Ice/Air   #.........   100%        6
 Hydra Form               Tmut           #.........   100%        6
 Starburst                Conj/Fire      #.........   100%        6
 Dragon Form              Tmut           #.........   100%        7
 Orb of Destruction       Conj           #.........   100%        7
 Ring of Flames           Chrm/Fire      #.........   100%        7
 Spellforged Servitor     Conj/Summ      #.........   100%        7
 Summon Hydra             Summ           #.........   100%        7
 Discord                  Hex            #.........   100%        8
 Ignition                 Fire           #.........   100%        8
 Dragon's Call            Summ           #.........   100%        9
 Shatter                  Erth           #.........   100%        9
 Tornado                  Air            #.........   100%        9


Dungeon Overview and Level Annotations

Branches:
Dungeon (15/15)            Temple (1/1) D:4            Lair (6/6) D:11
 Shoals (4/4) Lair:3       Spider (4/4) Lair:3        Slime (0/5) Lair:6
    Orc (2/2) D:10            Elf (3/3) Orc:2        Vaults (5/5) D:14
  Crypt (0/3) Vaults:3     Depths (5/5) D:15            Zot (5/5) Depths:5
  Sewer (visited)         Ossuary (visited)          Bailey (visited)

Altars:
Ashenzari
Cheibriados
Dithmenos
Elyvilon
Fedhas
Gozag
Hepliaklqana
Kikubaaqudgha
Makhleb
Nemelex Xobeh
Okawaru
Qazlal
Ru
Sif Muna
Trog
Uskayaw
Vehumet
Wu Jian
Xom
Yredelemnul
Zin
The Shining One
Jiyva

Shops:
D:11 %   Orc:1 (*}   Orc:2 }?%*   Elf:1 ?   Vaults:1 [   Depths:1 (
Depths:3 *   Depths:5 }*

Portals:
Hell: Depths:1 Depths:2 Depths:3 Depths:4 Depths:5
Abyss: Depths:1 Depths:4
Pandemonium: Depths:2 Depths:3 Depths:5
Ziggurat: Depths:5
Trove: D:12 (give horn of Geryon)

Annotations:
D:14 3 runed translucent doors, kal9871's ghost, journeyman TrTm
Lair:1 exclusion: 3 oklob plants
Shoals:3 Roxanne
Depths:2 1 transporter


Innate Abilities, Weirdness & Mutations

You have claws for feet.
You are completely covered in thin metallic scales. (AC +4, rElec)
You resist negative energy. (rN+)
You regenerate a lot of health from kills.
You are somewhat able to resist unholy torments (1 in 2 success).
When hurt, damage is shared between your health and your magic reserves.
You regenerate magic rapidly.
When low on magic, you restore magic in place of health.
Your melee attacks may debilitate your foes.
You tend to lose your temper in combat.
You are clumsy. (Dex -2)
Your flesh is cold resistant. (rC+)
Armour fits poorly on your strangely shaped body.
Your body often deteriorates upon taking damage.
Your magical capacity is very low. (-20% MP)
Your natural rate of healing is unusually fast.
You are robust. (+10% HP)
You sometimes yell uncontrollably at your foes.
Your muscles are strong. (Str +2)
You are occasionally teleported next to monsters.
Potions are less effective at restoring your health.


Message History

* * * LOW HITPOINT WARNING * * *
Unknown command.
You escape the tentacled monstrosity's grasp.
The Orb Guardian hits you.
* * * LOW HITPOINT WARNING * * *
The death cob hits you but does no damage.
Your surroundings suddenly seem different.
A moth of wrath comes into view.
The moth of wrath's fur bristles in rage as it notices you.
An Orb Guardian comes into view.
An Orb Guardian comes into view.
An Orb Guardian comes into view.
You block the Orb Guardian's attack.
The Orb Guardian hits you but does no damage.
Found 12 gold pieces.
You block the Orb Guardian's attack. The Orb Guardian hits you.
* * * LOW HITPOINT WARNING * * *
You block the Orb Guardian's attack.
You barely miss the Orb Guardian. Your kick misses the Orb Guardian.
You block the Orb Guardian's attack. x2
The Orb Guardian hits you but does no damage.
You block the Orb Guardian's attack. The Orb Guardian hits you!!
* * * LOW HITPOINT WARNING * * *
You puncture the Orb Guardian! You drain the Orb Guardian.
You claw the Orb Guardian.
You feel yourself speed up. You block the Orb Guardian's attack.
The moth of wrath goads the Orb Guardian on!
The Orb Guardian goes berserk!
You block the Orb Guardian's attack. x2
The Orb Guardian hits you but does no damage.
The moth of wrath goads the Orb Guardian on!
The Orb Guardian goes berserk!
The moth of wrath goads the Orb Guardian on!
The Orb Guardian goes berserk!
The Orb Guardian hits you but does no damage.
You sock the Orb Guardian! You drain the Orb Guardian.
Your kick misses the Orb Guardian. You block the Orb Guardian's attack. x2
The Orb Guardian hits you!!!
* * * LOW HITPOINT WARNING * * *
The Orb Guardian hits you!!
* * * LOW HITPOINT WARNING * * *
The Orb Guardian hits you!!
* * * LOW HITPOINT WARNING * * *
Okay, then.
Unknown command.
Your system partially rejects the healing.
You feel much better. You block the Orb Guardian's attack. x3
The Orb Guardian hits you!!
You die...
Your body glows with a rainbow of weird colours and disappears.

.............# **,,,,,,,,,,^,,,
............#* ##..^....,,,,,,,,
............# ##........,,,,,,,,
........X..## #.........,,,,^,,,
...........# #...^.....,,,,,,,,
......^....## #.........,,,,,,,,
............# #.........,,,,,^^,
............## #.X.......,,,,,,,,
.............#*#@Xy......,^,,,,,,
###########...###X....$..,,,,,,,,
* ##....##.......,,^,,,,,
*##...^.......,,,,,,,,
*▓▓▓▓▓▓▓▓▓▓▓**,,,,,*
****,,,,,,,,,,,,,,,
***,,,,,,,,,,,,,,,,,,
**,,,,,,,,,,,,,,,,,,,, *********
*,,,,,,,,,,,,,,,,,,^,,


You could see 3 Orb Guardians and a moth of wrath.

Vanquished Creatures
  4 orbs of fire (Zot:4)
  A juggernaut (Depths:4)
  Sojobo (Depths:4)
  Frederick (Vaults:3)
  2 curse toes (Zot:5)
  4 caustic shrikes (Depths:5)
  Margery (Vaults:4)
  Nikola (Shoals:3)
  7 golden dragons
  A bone dragon (Depths:5)
  3 electric golems
  6 tentacled monstrosities
  8 Orb Guardians
  4 liches
  5 quicksilver dragons
  4 deep elf blademasters
  A deep elf master archer (Elf:3)
  A death cob (Zot:5)
  2 titans
  A kraken (Shoals:1)
  An Executioner (Abyss:3)
  A tentacled starspawn (Abyss:2)
  5 storm dragons
  3 sphinxes
  15 tengu reavers
  A thorn hunter (Abyss:3)
  6 shadow dragons
  2 draconian monks
  A revenant (Abyss:2)
  An azure jelly (Vaults:5)
  8 fire giants
  3 iron dragons
  11 frost giants
  6 deep elf sorcerers
  3 ghost moths
  Louise (Shoals:3)
  3 deep elf elementalists
  2 draconian shifters
  2 ghouls (Vaults:3)
  6 emperor scorpions
  An orc warlord (Orc:2)
  18 ironheart preservers
  2 draconian stormcallers
  16 vault wardens
  A draconian scorcher (Zot:4)
  A balrug (Abyss:3)
  19 very ugly things
  4 spriggan defenders
  A war gargoyle (Vaults:5)
  5 deep elf demonologists
  18 stone giants
  2 entropy weavers
  A black draconian (Depths:5)
  15 deep elf annihilators
  6 green draconians
  A lorocyproca (Depths:2)
  2 minotaurs
  4 red draconians (Zot:5)
  4 white draconians
  3 vampire knights (Depths:3)
  4 yellow draconians
  Azrael (D:15)
  3 purple draconians
  3 dire elephants
  9 spark wasps
  Snorg (D:11)
  9 ettins
  9 deep elf death magi
  9 merfolk impalers
  2 merfolk javelineers
  Josephine (Shoals:1)
  6 deep elf high priests
  13 fire dragons
  14 yaktaur captains
  7 great orbs of eyes
  6 hydras
  A hydra (shapeshifter) (Depths:3)
  25 vault guards
  Erolcha (Orc:1)
  9 ice dragons
  14 rakshasas
  2 merfolk aquamancers (Shoals:4)
  13 centaur warriors
  5 spriggan air magi
  3 merfolk avatars (Shoals:4)
  18 ogre magi
  An alligator snapping turtle (Shoals:1)
  41 two-headed ogres
  An alligator (D:15)
  A catoblepas (D:15)
  2 death knights
  5 vampire magi
  A satyr (Abyss:3)
  Erica (D:10)
  28 dancing weapons
  8 deep troll shamans
  6 tengu warriors
  6 spriggan berserkers
  3 orc high priests (Orc:2)
  4 deep troll earth magi
  7 thrashing horrors
  8 hell knights
  2 shock serpents
  A sun demon (Abyss:3)
  A shadow wraith (Vaults:4)
  14 skeletal warriors
  2 fire crabs (shapeshifter)
  Nergalle (D:10)
  27 deep elf knights
  11 sea snakes
  A torturous demonspawn (Depths:3)
  26 deep trolls
  An unseen horror (shapeshifter) (Depths:3)
  A glowing orange brain (shapeshifter) (Vaults:2)
  4 glowing orange brains
  4 unseen horrors
  3 flayed ghosts (Depths:3)
  15 deep elf archers
  An orange crystal statue (Depths:1)
  A shadow demon (Depths:3)
  A lindwurm (Orc:2)
  Pikel (D:7)
  20 orc knights
  7 wizards
  19 ironbrand convokers
  17 harpies
  A harpy (shapeshifter) (D:11)
  2 phantasmal warriors
  19 orb spiders
  3 mana vipers
  4 orc sorcerers
  4 wolf spiders (shapeshifter)
  A wolf spider zombie (D:14)
  5 necromancers
  A faun (shapeshifter) (Depths:1)
  28 ugly things
  A human zombie (Vaults:2)
  28 wolf spiders
  17 cyclopes
  66 deep elf magi
  3 salamanders
  12 manticores
  3 fauns
  A shadow dragon skeleton (Abyss:3)
  A shining eye (Depths:2)
  6 worldbinders
  A naga mage (D:15)
  Maurice (D:11)
  2 guardian serpents (D:15)
  9 moths of wrath
  3 black mambas
  7 merfolk sirens
  3 smoke demons
  A human skeleton (Vaults:2)
  A rust devil (Depths:2)
  18 vault sentinels
  18 elephants
  An eye of devastation (Depths:2)
  2 water nymphs
  A water nymph (shapeshifter) (Depths:2)
  6 torpor snails
  2 gargoyles
  4 centaur skeletons
  45 yaktaurs
  20 cane toads
  3 kobold demonologists
  A rime drake (Lair:2)
  2 ice devils
  2 efreet
  3 yaktaurs (shapeshifter)
  19 demonic crawlers
  9 freezing wraiths
  29 jumping spiders
  2 red devils
  6 komodo dragons
  A queen bee (D:9)
  A harpy zombie (D:14)
  4 ancient zymes
  A wind drake (shapeshifter) (Depths:4)
  2 tengu conjurers
  27 hornets
  2 trolls
  A meliai (D:15)
  3 wind drakes
  14 merfolk
  7 snapping turtles
  A hornet (shapeshifter) (Vaults:2)
  A polar bear (Lair:3)
  A raiju (shapeshifter) (Depths:2)
  19 blink frogs
  An ice dragon zombie (Abyss:4)
  10 dream sheep
  10 raiju
  27 slime creatures
  A hippogriff (shapeshifter) (D:11)
  12 hippogriffs
  A centaur simulacrum (D:15)
  7 small abominations
  15 water elementals
  2 vampires
  46 redbacks
  A shadow (D:15)
  An ettin skeleton (Vaults:2)
  15 spriggans
  24 tarantellas
  3 wyverns
  2 ynoxinuls
  8 fire elementals
  9 wraiths
  3 fire bats
  7 basilisks
  A golden eye (Abyss:2)
  38 yaks
  A vampire mosquito (D:15)
  5 chaos spawn
  A hog (D:15)
  A human (Zot:4)
  13 large abominations
  3 steam dragons
  4 neqoxecs
  9 wargs
  4 nagas
  A naga (shapeshifter) (Vaults:4)
  A harpy simulacrum (D:15)
  5 acid dragons
  A water moccasin (shapeshifter) (Vaults:5)
  11 water moccasins
  2 floating eyes (D:15)
  3 hell hounds (D:15)
  15 porcupines
  A swamp drake (Orc:2)
  6 ice beasts
  A sky beast (D:10)
  A hornet zombie (D:9)
  36 orc warriors
  10 black bears
  A necrophage (D:11)
  20 boggarts
  3 phantoms
  29 wolves
  An eye of draining (shapeshifter) (Vaults:5)
  39 ogres
  An ettin simulacrum (Vaults:2)
  12 centaurs
  12 crocodiles
  A big kobold (D:13)
  19 bullfrogs
  2 earth elementals
  3 water moccasin zombies (Ossuary)
  2 wyvern zombies (D:14)
  7 scorpions
  A human simulacrum (Vaults:1)
  25 killer bees
  9 wights
  3 howler monkeys
  2 electric eels
  A centaur zombie (D:6)
  A quasit (Abyss:3)
  3 bullfrog zombies
  3 bullfrog skeletons
  4 hounds
  5 jellies
  25 orc wizards
  16 orc priests
  2 gnoll shamans
  Jessica (D:2)
  8 iguanas
  Natasha (thrice) (D:2)
  8 worker ants
  A killer bee zombie (D:7)
  2 big kobold zombies (Ossuary)
  8 ogre zombies (D:10)
  A hound skeleton (D:4)
  2 hound zombies
  2 mummies (Ossuary)
  A worker ant zombie (D:7)
  12 adders
  11 gnolls
  5 river rats
  A shadow imp (D:5)
  4 white imps
  2 ufetubi
  An ooze (D:1)
  6 adder zombies
  2 worms
  5 leopard geckos
  96 orcs
  8 ball pythons
  12 bats
  2 bat zombies (D:6)
  5 giant cockroaches
  4 gnoll zombies (Ossuary)
  7 goblins
  8 hobgoblins
  2 jackals (D:4)
  7 quokkas
  5 frilled lizards
  8 goblin zombies (D:10)
  2 hobgoblin skeletons (D:10)
  6 hobgoblin zombies
  15 kobolds
  3 kobold zombies (Ossuary)
  2 orc skeletons (D:10)
  12 orc zombies
  A quokka skeleton (D:5)
  10 rats
  2 rat zombies (D:6)
  3 plants (Shoals:4)
  3 starspawn tentacles (Abyss:2)
2207 creatures vanquished.

Vanquished Creatures (collateral kills)
  Kirke (Shoals:1)
  A deep elf sorcerer (Elf:3)
  2 very ugly things (Depths:2)
  A deep elf demonologist (Elf:3)
  2 deep elf death magi (Elf:3)
  A yaktaur captain (Vaults:2)
  Harold (D:10)
  7 vault guards (Vaults:5)
  A merfolk avatar (Shoals:4)
  A two-headed ogre (D:10)
  2 fire crabs (Shoals:4)
  A sea snake (Shoals:4)
  2 deep elf archers (Elf:3)
  An orc knight (D:15)
  2 manticores (Shoals:4)
  A troll (D:9)
  4 merfolk (Shoals:4)
  A hippogriff (D:10)
  A snapping turtle (Shoals:4)
  2 hogs (Shoals:1)
  4 yaks
  A steam dragon (D:10)
  A sky beast (D:10)
  2 orc warriors
  A bullfrog (D:10)
  An adder (D:10)
  6 orcs
  An orc zombie (D:10)
  2 crawling corpses (Elf:3)
54 creatures vanquished.

Vanquished Creatures (others)
  A fire giant (Depths:2)
  A deep elf knight (Elf:1)
  2 orc knights (Bailey)
  A deep elf mage (Elf:3)
  A moth of wrath (Zot:5)
  A gargoyle (D:11)
  A hornet (Vaults:5)
  A tarantella (Spider:4)
  2 yaks (D:8)
  An orc warrior (D:15)
  2 ogres
  3 boggarts
  An orc (Vaults:4)
  14 fungi
  A lurking horror (Abyss:3)
  19 pillars of salt (Vaults:1)
  4 plants
  2 starspawn tentacles (Abyss:2)
  4 tentacles (Shoals:1)
62 creatures vanquished.

Grand Total: 2323 creatures vanquished

Notes
Turn   | Place    | Note
-------+----------+-------------------------------------------
     0 | D:1      | vurker the Demonspawn Brigand began the quest for the Orb.
     0 | D:1      | Reached XP level 1. HP: 16/16 MP: 1/1
   129 | D:1      | Gained mutation: You have sharp toenails. [demonic
                  | ancestry]
   129 | D:1      | Reached XP level 2. HP: 19/23 MP: 2/2
   900 | D:2      | Reached XP level 3. HP: 28/28 MP: 3/3
  1179 | D:2      | Noticed Jessica
  1187 | D:2      | Killed Jessica
  1457 | D:2      | Reached XP level 4. HP: 35/35 MP: 4/4
  1649 | D:2      | Noticed Natasha
  1660 | D:2      | Killed Natasha
  2058 | D:2      | Noticed Natasha
  2071 | D:2      | Killed Natasha
  2353 | D:2      | Noticed Natasha
  2366 | D:2      | Killed Natasha
  2366 | D:2      | Gained mutation: You are partially covered in thin metallic
                  | scales. (AC +2) [demonic ancestry]
  2366 | D:2      | Reached XP level 5. HP: 30/42 MP: 5/5
  2631 | D:3      | Found a glowing drain.
  2660 | Sewer    | Entered a sewer
  2761 | Sewer    | Noticed a crocodile
  2776 | Sewer    | Killed a crocodile
  2776 | Sewer    | Gained mutation: You have razor-sharp toenails. [demonic
                  | ancestry]
  2776 | Sewer    | Reached XP level 6. HP: 42/49 MP: 6/6
  3302 | D:3      | Reached skill level 5 in Fighting
  4255 | D:4      | Found a staircase to the Ecumenical Temple.
  4278 | Temple   | Entered the Ecumenical Temple
  4489 | Temple   | Became a worshipper of Nemelex Xobeh the Trickster
  4533 | D:4      | Got a smouldering hand crossbow
  4534 | D:4      | Identified the +0 hand crossbow of Flawed Execution {flame,
                  | rF+} (You found it on level 4 of the Dungeon)
  4696 | D:4      | Received a gift from Nemelex Xobeh
  4782 | D:4      | Reached skill level 1 in Invocations
  4786 | D:4      | Gained mutation: When hurt, damage is shared between your
                  | health and your magic reserves. [demonic ancestry]
  4786 | D:4      | Reached XP level 7. HP: 36/56 MP: 8/8
  4967 | D:5      | Entered Level 5 of the Dungeon
  5035 | D:5      | Reached skill level 5 in Throwing
  5239 | D:5      | Found a sand-covered staircase.
  5248 | Ossuary  | Entered an ossuary
  5280 | Ossuary  | Reached skill level 2 in Invocations
  5563 | Ossuary  | Reached skill level 3 in Invocations
  6078 | D:5      | Reached skill level 4 in Invocations
  6259 | D:5      | Reached * piety under Nemelex Xobeh
  6549 | D:6      | Received a gift from Nemelex Xobeh
  6558 | D:6      | Gained mutation: You are mostly covered in thin metallic
                  | scales. (AC +3) [demonic ancestry]
  6558 | D:6      | Reached XP level 8. HP: 65/65 MP: 11/11
  6596 | D:6      | Reached skill level 5 in Invocations
  7119 | D:6      | Found a sparkling altar of Nemelex Xobeh.
  7356 | D:6      | Reached skill level 6 in Invocations
  7423 | D:6      | Found an ancient bone altar of Kikubaaqudgha.
  7922 | D:7      | Noticed a hippogriff
  7942 | D:7      | Killed a hippogriff
  7942 | D:7      | Gained mutation: You regenerate a little health from kills.
                  | [demonic ancestry]
  7942 | D:7      | Reached XP level 9. HP: 70/72 MP: 14/14
  7947 | D:7      | Reached skill level 7 in Invocations
  8118 | D:7      | Received a gift from Nemelex Xobeh
  8509 | D:7      | Reached ** piety under Nemelex Xobeh
  8512 | D:7      | Noticed Pikel
  8520 | D:7      | Killed Pikel
  8520 | D:7      | Reached skill level 8 in Invocations
  8585 | D:7      | Received a gift from Nemelex Xobeh
  8764 | D:7      | Found a blossoming altar of Fedhas.
  9106 | D:8      | Reached skill level 9 in Invocations
  9470 | D:8      | Received a gift from Nemelex Xobeh
  9853 | D:8      | Reached *** piety under Nemelex Xobeh
 10005 | D:8      | Reached XP level 10. HP: 27/83 MP: 9/17
 10471 | D:9      | Found a glowing golden altar of the Shining One.
 10774 | D:9      | Reached skill level 10 in Invocations
 10811 | D:9      | Received a gift from Nemelex Xobeh
 10813 | D:9      | Found an ornate altar of the Wu Jian Council.
 11357 | D:9      | Reached skill level 10 in Fighting
 11556 | D:9      | Reached skill level 11 in Invocations
 11962 | D:10     | Entered Level 10 of the Dungeon
 12297 | D:10     | Noticed Nergalle
 12457 | D:9      | Reached XP level 11. HP: 59/92 MP: 19/19
 13200 | D:10     | Killed Nergalle
 13245 | D:10     | Killed an unseen horror
 13245 | D:10     | Reached skill level 10 in Throwing
 13245 | D:10     | Reached skill level 12 in Invocations
 13450 | D:10     | Found a staircase to the Orcish Mines.
 13526 | D:10     | Noticed Erica
 13549 | D:10     | Killed Erica
 13679 | D:10     | Noticed a two-headed ogre
 13729 | D:10     | Killed a two-headed ogre
 13862 | D:10     | Noticed Harold
 13865 | D:10     | Identified the +2 long sword "Sarcophage" {flame, *Noise
                  | rPois Dex+2}
 13890 | D:10     | Killed Harold
 14385 | D:11     | Found a flagged portal.
 14403 | Bailey   | Entered a bailey
 14608 | Bailey   | Reached skill level 1 in Armour
 14730 | Bailey   | Noticed an orc knight
 15185 | Bailey   | Noticed an orc knight
 15210 | Bailey   | Banished an orc knight
 15230 | Bailey   | Noticed an orc knight
 15273 | Bailey   | Killed an orc knight
 15273 | Bailey   | Reached skill level 13 in Invocations
 15278 | Bailey   | Killed an orc knight
 15303 | Bailey   | Noticed an orc knight
 15390 | Bailey   | Banished an orc knight
 15496 | Bailey   | Noticed an orc knight
 15504 | Bailey   | Killed an orc knight
 15504 | Bailey   | Gained mutation: You regenerate health from kills. [demonic
                  | ancestry]
 15504 | Bailey   | Reached XP level 12. HP: 69/100 MP: 21/21
 15677 | Bailey   | Identified a scroll of acquirement
 15678 | Bailey   | Acquired the +6 lajatang of the Endless Expanse {flame,
                  | rPois rN+ Int-3}
 15791 | D:11     | Reached skill level 1 in Staves
 15814 | D:11     | Received a gift from Nemelex Xobeh
 15958 | D:11     | Noticed Maurice
 15969 | D:11     | Killed Maurice
 15970 | D:11     | Found a staircase to the Lair.
 15999 | D:11     | Noticed Snorg
 16009 | D:11     | Killed Snorg
 16163 | D:11     | Reached **** piety under Nemelex Xobeh
 16240 | D:11     | Noticed a six-headed hydra
 16246 | D:11     | Killed a three-headed hydra
 16349 | D:11     | Noticed a yaktaur captain
 16356 | D:11     | Killed a yaktaur captain
 16534 | D:11     | Noticed a centaur warrior
 16539 | D:11     | Killed a centaur warrior
 16726 | D:11     | Noticed an eight-headed hydra
 16736 | D:11     | Killed a three-headed hydra
 16800 | D:11     | Found Lyzergh's Food Boutique.
 17316 | Lair:1   | Entered Level 1 of the Lair of Beasts
 17475 | Lair:1   | Reached skill level 5 in Staves
 17833 | Lair:1   | Received a gift from Nemelex Xobeh
 18093 | Lair:1   | Reached skill level 14 in Invocations
 18128 | Lair:1   | Received a gift from Nemelex Xobeh
 18756 | Lair:2   | Reached XP level 13. HP: 107/108 MP: 23/23
 19025 | Lair:2   | Received a gift from Nemelex Xobeh
 19051 | Lair:2   | Reached ***** piety under Nemelex Xobeh
 20106 | Lair:3   | Received a gift from Nemelex Xobeh
 20225 | Lair:3   | Reached skill level 5 in Armour
 20312 | Lair:3   | Found a staircase to the Shoals.
 20719 | Lair:3   | Found a hole to the Spider Nest.
 20889 | Lair:3   | Received a gift from Nemelex Xobeh
 20955 | Lair:3   | You fall into a shaft and drop 2 floors!
 21036 | Lair:4   | Received a gift from Nemelex Xobeh
 21277 | Lair:3   | Received a gift from Nemelex Xobeh
 21884 | Lair:4   | Received a gift from Nemelex Xobeh
 22561 | Lair:5   | Received a gift from Nemelex Xobeh
 22735 | Lair:5   | Got a tattered robe
 22736 | Lair:5   | Identified the +1 robe of Wonderful the Good {*Corrode
                  | Str+9} (You found it on level 5 of the Lair of Beasts)
 22782 | Lair:5   | Reached ****** piety under Nemelex Xobeh
 23040 | Lair:6   | Entered Level 6 of the Lair of Beasts
 23277 | Lair:6   | Received a gift from Nemelex Xobeh
 23361 | Lair:6   | Found a viscous altar of Jiyva.
 23361 | Lair:6   | Found a staircase to the Slime Pits.
 23680 | Lair:6   | Received a gift from Nemelex Xobeh
 23804 | Lair:6   | Reached skill level 15 in Invocations
 23804 | Lair:6   | Gained mutation: You regenerate a lot of health from kills.
                  | [demonic ancestry]
 23804 | Lair:6   | Reached XP level 14. HP: 86/118 MP: 25/25
 24501 | Lair:6   | Received a gift from Nemelex Xobeh
 24617 | Lair:6   | Got an ancient plate armour
 24618 | Lair:6   | Identified the +9 plate armour of Zin's Indignation {MR+}
                  | (You found it on level 6 of the Lair of Beasts)
 25110 | Orc:1    | Entered Level 1 of the Orcish Mines
 25121 | Orc:1    | Found Karoskuk's Assorted Antiques.
 25126 | Orc:1    | Found Hunes's Antique Weapon Emporium.
 25329 | Orc:1    | Found Wilautz's Gadget Emporium.
 25454 | Orc:2    | Entered Level 2 of the Orcish Mines
 25454 | Orc:2    | Noticed Erolcha
 25462 | Orc:1    | Killed Erolcha
 25476 | Orc:2    | Received a gift from Nemelex Xobeh
 25515 | Orc:2    | Found a staircase to the Elven Halls.
 25698 | Orc:2    | Noticed an orc warlord
 25701 | Orc:2    | Killed an orc warlord
 26087 | Orc:2    | Reached skill level 10 in Staves
 26120 | Orc:2    | Found Moet's Gadget Boutique.
 26120 | Orc:2    | Found Koet Daafomi's Assorted Antiques.
 26122 | Orc:2    | Found Qiapuex's Magic Scroll Boutique.
 26122 | Orc:2    | Found Neleder's Food Emporium.
 26134 | Orc:2    | Bought a scroll of teleportation for 45 gold pieces
 26134 | Orc:2    | Bought a scroll of teleportation for 45 gold pieces
 26189 | Orc:1    | Bought a glowing demon whip for 504 gold pieces
 26239 | Orc:2    | Bought a pair of embroidered gloves for 255 gold pieces
 26239 | Orc:2    | Bought an encrusted plate armour for 952 gold pieces
 26239 | Orc:2    | Bought a runed helmet for 255 gold pieces
 26239 | Orc:2    | Identified the +5 plate armour "Getiwuob" {+Blink rN+
                  | Regen+ Stlth-} (You bought it in a shop on level 2 of the
                  | Orcish Mines)
 26626 | D:12     | Received a gift from Nemelex Xobeh
 26914 | D:12     | Found a portal to a secret trove of treasure.
 26999 | D:12     | Reached skill level 16 in Invocations
 27246 | D:13     | Received a gift from Nemelex Xobeh
 27508 | D:13     | Gained mutation: You resist negative energy. (rN+) [demonic
                  | ancestry]
 27508 | D:13     | Reached XP level 15. HP: 48/125 MP: 15/27
 27779 | D:13     | Noticed Jorgrun
 27780 | D:13     | Noticed Jorgrun
 27780 | D:13     | Jorgrun changed into Jorgrun the minotaur
 27788 | D:13     | Killed Jorgrun the minotaur
 28247 | D:14     | Received a gift from Nemelex Xobeh
 28498 | D:14     | Found a gate to the Vaults.
 28620 | D:14     | Found a runed translucent gate.
 28621 | D:14     | Found a runed translucent gate.
 28622 | D:14     | Found a runed translucent gate.
 28624 | D:14     | Noticed kal9871's ghost (journeyman TrTm)
 28779 | D:15     | Entered Level 15 of the Dungeon
 28875 | D:15     | Noticed a frost giant
 28882 | D:15     | Killed a frost giant
 29269 | D:15     | Found a staircase to the Depths.
 29408 | D:15     | Noticed Azrael
 29416 | D:15     | Killed Azrael
 29475 | D:15     | Received a gift from Nemelex Xobeh
 29496 | D:15     | Paralysed by a floating eye for 2 turns
 29620 | D:15     | Got a pair of faintly humming boots
 29621 | D:15     | Identified the +2 pair of boots "Humeip" {rF+} (You found
                  | it on level 15 of the Dungeon)
 29662 | D:15     | Got an ancient crystal plate armour
 29663 | D:15     | Identified the +5 crystal plate armour of Gallantry
                  | {*Contam Int+6} (You found it on level 15 of the Dungeon)
 29811 | D:15     | Found an opulent altar of Gozag.
 29826 | D:15     | Identified the ring of Cekereus {rCorr Str+4 Int-5}
 29841 | D:15     | Reached skill level 17 in Invocations
 29958 | D:15     | Reached XP level 16. HP: 52/134 MP: 17/28
 30020 | D:15     | Identified the ring "Tozour" {rN++ Str+3 Dex+6}
 30024 | D:15     | Found an iron altar of Okawaru.
 30285 | D:15     | Found a shattered altar of Ashenzari.
 30493 | D:15     | Got a vibrating amber ring
 30496 | D:15     | Identified the ring of the Worm {+Blink +Inv rElec rPois
                  | AC+4} (You found it on level 15 of the Dungeon)
 30657 | Spider:1 | Entered Level 1 of the Spider Nest
 31901 | Spider:2 | Received a gift from Nemelex Xobeh
 32185 | Spider:2 | Received a gift from Nemelex Xobeh
 32853 | Spider:2 | Received a gift from Nemelex Xobeh
 33558 | Spider:2 | Reached skill level 10 in Armour
 33598 | Spider:2 | Reached skill level 15 in Fighting
 34468 | Spider:3 | Reached skill level 18 in Invocations
 34745 | Spider:4 | Entered Level 4 of the Spider Nest
 35013 | Spider:4 | Received a gift from Nemelex Xobeh
 35343 | Spider:4 | Reached XP level 17. HP: 111/142 MP: 25/30
 35788 | Spider:4 | Paralysed by a hornet for 2 turns
 36277 | Spider:4 | Got a gossamer rune of Zot
 36443 | Shoals:1 | Entered Level 1 of the Shoals
 36693 | Shoals:1 | Noticed a kraken
 36702 | Shoals:1 | Killed a kraken
 36837 | Shoals:1 | Noticed a kraken
 36855 | Shoals:1 | a kraken changed into a fire giant
 36923 | Shoals:1 | Noticed Josephine
 36926 | Shoals:1 | Killed Josephine
 36950 | Shoals:1 | Received a gift from Nemelex Xobeh
 37384 | Shoals:1 | Reached skill level 19 in Invocations
 37544 | Shoals:1 | Noticed Kirke
 37552 | Shoals:1 | Killed Kirke
 37686 | Shoals:2 | Received a gift from Nemelex Xobeh
 37918 | Shoals:2 | Got a smouldering whip
 38567 | Shoals:2 | Identified the +7 whip "Jyiskala" {flame, +Inv} (You found
                  | it on level 2 of the Shoals)
 38634 | Shoals:3 | Identified Roxanne's Catalogue of Transmigration
 38634 | Shoals:3 | Noticed Roxanne
 38673 | Shoals:3 | Received a gift from Nemelex Xobeh
 38727 | Shoals:3 | Noticed Nikola
 38740 | Shoals:3 | Killed Nikola
 38772 | Shoals:3 | Noticed Louise
 38789 | Shoals:3 | Killed Louise
 38939 | Shoals:3 | Received a gift from Nemelex Xobeh
 39007 | Shoals:3 | Reached skill level 1 in Maces & Flails
 39219 | Shoals:4 | Entered Level 4 of the Shoals
 39297 | Shoals:4 | Reached skill level 1 in Shields
 39507 | Shoals:4 | Reached XP level 18. HP: 138/152 MP: 29/31
 39809 | Shoals:4 | Reached skill level 1 in Evocations
 39895 | Shoals:4 | Received a gift from Nemelex Xobeh
 40158 | Shoals:4 | Got a sparkling lapis lazuli ring
 40159 | Shoals:4 | Identified the ring "Xaavani" {Fire Dex+5 SInv Stlth-} (You
                  | found it on level 4 of the Shoals)
 40242 | Shoals:4 | Identified the ring "Zafugaor" {rC+ MR+ Int-3 SInv Stlth+}
 40607 | Shoals:4 | Got a barnacled rune of Zot
 41035 | Elf:1    | Entered Level 1 of the Elven Halls
 41541 | Elf:1    | Reached skill level 5 in Maces & Flails
 41869 | Elf:1    | Received a gift from Nemelex Xobeh
 42112 | Elf:1    | Found Kauph's Magic Scroll Shop.
 42116 | Elf:1    | Bought a scroll of teleportation for 48 gold pieces
 42116 | Elf:1    | Bought a scroll of enchant armour for 120 gold pieces
 42116 | Elf:1    | Bought a scroll of magic mapping for 56 gold pieces
 42116 | Elf:1    | Bought a scroll of magic mapping for 56 gold pieces
 42116 | Elf:1    | Bought a scroll of enchant armour for 120 gold pieces
 42116 | Elf:1    | Bought a scroll of silence for 120 gold pieces
 42612 | Elf:2    | Received a gift from Nemelex Xobeh
 42908 | Elf:2    | Found a huge runed translucent gate.
 42908 | Elf:2    | Found a huge runed translucent gate.
 42908 | Elf:2    | Found a huge runed translucent gate.
 42914 | Elf:2    | Found a huge runed translucent gate.
 42914 | Elf:2    | Found a huge runed translucent gate.
 43163 | Elf:2    | Reached skill level 20 in Invocations
 43482 | Elf:2    | Gained mutation: You have claws for feet. [demonic
                  | ancestry]
 43482 | Elf:2    | Reached XP level 19. HP: 152/159 MP: 30/33
 43693 | Elf:3    | Entered Level 3 of the Elven Halls
 43727 | Elf:3    | Received a gift from Nemelex Xobeh
 44186 | Elf:3    | Gained mutation: You tend to lose your temper in combat. [a
                  | neqoxec]
 44194 | Elf:3    | Lost mutation: You tend to lose your temper in combat.
                  | [potion of mutation]
 44194 | Elf:3    | Gained mutation: You are agile. (Dex +2) [potion of
                  | mutation]
 44194 | Elf:3    | Gained mutation: Your natural rate of healing is unusually
                  | fast. [potion of mutation]
 44194 | Elf:3    | Gained mutation: You are very agile. (Dex +4) [potion of
                  | mutation]
 44387 | Elf:3    | Reached skill level 5 in Evocations
 44589 | Elf:3    | Reached skill level 5 in Shields
 44630 | Elf:3    | Identified the amulet "Gaozxock" {Faith rElec MP-9 Dex+3}
 44642 | Elf:3    | Identified the ring of the Enemy {rF+ Str-3 Dex+4 SInv}
 44643 | Elf:3    | Identified the +4 rapier "Wumed" {venom, Fragile rC+ Int+4}
 44687 | Elf:3    | Identified the ring "Tonnonaf" {+Inv rPois rN+ MP+9 Str+8}
 44724 | Elf:3    | Identified the +3 demon trident of Kismet {pain, Int+2}
 44899 | Elf:3    | Identified Vehumet's Catalogue of Attacks
 44979 | Elf:3    | Got a scorched dagger
 44985 | Elf:3    | Got a glimmering chain mail
 44986 | Elf:3    | Identified the +0 chain mail of the Ant {rF- Dex+4 Stlth+}
                  | (You found it on level 3 of the Elven Halls)
 44988 | Elf:3    | Identified Zasisass's Guide on Blistering Earth
 45307 | Vaults:1 | Entered Level 1 of the Vaults
 45828 | Vaults:1 | Identified the +7 double sword of the Eternal Warrior
                  | {freeze, +Rage rN+}
 45961 | Vaults:1 | Found a ruined gateway.
 46102 | Vaults:1 | Received a gift from Nemelex Xobeh
 46248 | Vaults:1 | Gained mutation: You regenerate magic rapidly. [demonic
                  | ancestry]
 46248 | Vaults:1 | Reached XP level 20. HP: 134/168 MP: 29/34
 46491 | Vaults:1 | Found Sicoson's Armour Shoppe.
 46998 | Vaults:2 | Reached skill level 10 in Maces & Flails
 47189 | Vaults:2 | Reached skill level 21 in Invocations
 47413 | Vaults:2 | Received a gift from Nemelex Xobeh
 47740 | Vaults:2 | Received a gift from Nemelex Xobeh
 48363 | Vaults:3 | Found a flickering gateway to a bazaar.
 48368 | Bazaar   | Entered a bazaar
 48372 | Bazaar   | Found Vaexkamy's Gadget Emporium.
 48383 | Bazaar   | Found Xiuskome's General Store.
 48391 | Bazaar   | Found Xoumugid's Antique Weapon Boutique.
 48402 | Bazaar   | Found Ysseskun's Distillery.
 48413 | Bazaar   | Found Ototaot's Antique Armour Shop.
 48432 | Bazaar   | Bought a potion of might for 40 gold pieces
 48432 | Bazaar   | Bought a potion of heal wounds for 50 gold pieces
 48432 | Bazaar   | Bought a potion of cancellation for 80 gold pieces
 48443 | Bazaar   | Bought a bronze plate armour for 868 gold pieces
 48443 | Bazaar   | Identified the cursed +0 plate armour of Absence {rElec rC+
                  | Str+4 Dex+4} (You bought it in a shop in a bazaar)
 48762 | Vaults:3 | Received a gift from Nemelex Xobeh
 48912 | Vaults:3 | Found a staircase to the Crypt.
 49049 | Vaults:3 | Reached XP level 21. HP: 177/177 MP: 35/35
 49181 | Vaults:3 | Noticed Frederick
 49189 | Vaults:3 | Killed Frederick
 49580 | Vaults:3 | Received a gift from Nemelex Xobeh
 49834 | Vaults:4 | Reached skill level 1 in Dodging
 50472 | Vaults:4 | Noticed Margery
 50496 | Vaults:4 | HP: 7/178 [Margery/bolt of fire (14)]
 50505 | Vaults:4 | Killed Margery
 50718 | Vaults:4 | Received a gift from Nemelex Xobeh
 51363 | Depths:1 | Entered Level 1 of the Depths
 51375 | Depths:1 | Reached skill level 22 in Invocations
 51526 | Depths:1 | Found Keykh's Antique Weapon Boutique.
 51533 | Depths:1 | Found a one-way gate to the infinite horrors of the Abyss.
 51632 | Depths:1 | Received a gift from Nemelex Xobeh
 51666 | Depths:1 | Gained mutation: You are completely covered in thin
                  | metallic scales. (AC +4, rElec) [demonic ancestry]
 51666 | Depths:1 | Reached XP level 22. HP: 185/185 MP: 37/37
 52097 | Depths:1 | Found a gateway to Hell.
 52402 | Depths:2 | Received a gift from Nemelex Xobeh
 52517 | Depths:2 | Identified the +0 trident of the Past {venom, rF+ rN+
                  | Dex+2}
 52715 | Depths:2 | Noticed an ancient lich
 52751 | Depths:2 | Found a transporter.
 52755 | Depths:2 | Found a radiant altar of Vehumet.
 52763 | Depths:2 | Gained mutation: You are frail. (-10% HP) [a shining eye]
 52767 | Depths:2 | Lost mutation: You are very agile. (Dex +4) [potion of
                  | mutation]
 52767 | Depths:2 | Lost mutation: You are frail. (-10% HP) [potion of
                  | mutation]
 52767 | Depths:2 | Lost mutation: You are agile. (Dex +2) [potion of mutation]
 52767 | Depths:2 | Gained mutation: You are robust. (+10% HP) [potion of
                  | mutation]
 52767 | Depths:2 | Gained mutation: Your magical capacity is low. (-10% MP)
                  | [potion of mutation]
 52767 | Depths:2 | Gained mutation: Your muscles are strong. (Str +2) [potion
                  | of mutation]
 52956 | Depths:2 | Found a one-way gate leading to the halls of Pandemonium.
 52958 | Depths:2 | Gained mutation: Your body sometimes deteriorates upon
                  | taking damage. [a neqoxec]
 53711 | Depths:3 | Reached skill level 5 in Dodging
 53711 | Depths:3 | Reached skill level 10 in Shields
 53939 | Depths:3 | Received a gift from Nemelex Xobeh
 54275 | Depths:3 | Identified the ring "Wacagymi" {rF+ Stlth+}
 54553 | Depths:3 | Reached skill level 15 in Armour
 54870 | Depths:3 | Got a transparent helmet
 54875 | Depths:3 | Identified the +3 helmet "Ytadd" {Int+3} (You found it on
                  | level 3 of the Depths)
 54941 | Depths:3 | Noticed Asterion
 54944 | Depths:3 | Gained mutation: You are somewhat able to resist unholy
                  | torments (1 in 2 success). [demonic ancestry]
 54944 | Depths:3 | Reached XP level 23. HP: 193/213 MP: 31/34
 54950 | Depths:3 | Noticed Asterion
 54950 | Depths:3 | Asterion changed into Asterion the dire elephant
 54950 | Depths:3 | Killed Asterion the dire elephant
 54984 | Depths:3 | Acquired a manual of Armour
 55472 | Depths:3 | Found Onee's General Store.
 55643 | Depths:4 | Noticed Sojobo
 55667 | Depths:4 | Killed Sojobo
 55667 | Depths:4 | Reached skill level 23 in Invocations
 55775 | Depths:4 | Identified the Grimoire of Companions
 55807 | Depths:4 | Received a gift from Nemelex Xobeh
 56012 | Depths:4 | Noticed a juggernaut
 56027 | Depths:4 | Killed a juggernaut
 56175 | Depths:4 | Received a gift from Nemelex Xobeh
 56276 | Depths:4 | Got a smoking shortbow
 56473 | Depths:4 | Found a glowing golden altar of the Shining One.
 56490 | Depths:4 | Received a gift from Nemelex Xobeh
 56716 | Depths:5 | Entered Level 5 of the Depths
 56718 | Depths:5 | Found Adgham's Assorted Antiques.
 56718 | Depths:5 | Found Qezaig's Gadget Boutique.
 56726 | Depths:5 | Bought a scroll of teleportation for 78 gold pieces
 56856 | Depths:5 | Noticed the Enchantress
 56909 | Depths:5 | Cast into level 2 of the Abyss (the Enchantress)
 57034 | Abyss:2  | Received a gift from Nemelex Xobeh
 57154 | Abyss:3  | Found a corrupted altar of Lugonu.
 57379 | Abyss:3  | Got an abyssal rune of Zot
 57395 | Abyss:3  | Received a gift from Nemelex Xobeh
 57422 | Abyss:3  | Gained mutation: When low on magic, you restore magic in
                  | place of health. [demonic ancestry]
 57422 | Abyss:3  | Reached XP level 24. HP: 183/223 MP: 29/34
 57532 | Abyss:3  | Paralysed by accursed screaming for 1 turns
 57535 | Abyss:3  | Paralysed by accursed screaming for 2 turns
 57538 | Abyss:3  | Paralysed by accursed screaming for 2 turns
 57541 | Abyss:4  | Found a corrupted altar of Lugonu.
 57721 | Depths:5 | Escaped the Abyss
 57725 | Depths:5 | Noticed the Enchantress
 57725 | Depths:5 | the Enchantress changed into the Enchantress the minotaur
 57732 | Depths:5 | Killed the Enchantress the minotaur
 57799 | Depths:5 | Found a gateway to a ziggurat.
 57957 | Depths:5 | Received a gift from Nemelex Xobeh
 58248 | Depths:5 | Found a gate to the Realm of Zot.
 58926 | Vaults:5 | Entered Level 5 of the Vaults
 59185 | Vaults:5 | Received a gift from Nemelex Xobeh
 59408 | Vaults:5 | Reached skill level 24 in Invocations
 59408 | Vaults:5 | Identified the +4 war axe of Demand {elec, rC- rN+ Str+4}
 59523 | Vaults:5 | Received a gift from Nemelex Xobeh
 59569 | Vaults:5 | Identified the cursed +1 great sword of Law {venom, +Inv
                  | MR+ Dex-5 Stlth+}
 59751 | Vaults:5 | Identified the cursed +2 hand crossbow "Qicsu" {venom,
                  | *Drain rPois rC+ MR+}
 59775 | Vaults:5 | Reached skill level 10 in Dodging
 59778 | Vaults:5 | Gained mutation: Your melee attacks may debilitate your
                  | foes. [demonic ancestry]
 59778 | Vaults:5 | Reached XP level 25. HP: 109/232 MP: 24/35
 59948 | Vaults:5 | Received a gift from Nemelex Xobeh
 60024 | Vaults:5 | Identified Icropi's Papyrus of Flying Black Magic
 60035 | Vaults:5 | Got a polished short sword
 60180 | Vaults:5 | Acquired 700 gold pieces
 60338 | Vaults:5 | Identified the Almanac of Ghastly Arcane Weapons
 60341 | Vaults:5 | Got a silver rune of Zot
 60342 | Vaults:5 | Identified the Collected Works on Frigorific Darkness
 60642 | Vaults:5 | Got a smoking ring mail
 60664 | Vaults:5 | Identified the +5 ring mail "Gytasch" {Regen+} (You found
                  | it on level 5 of the Vaults)
 61101 | Zot:1    | Entered Level 1 of the Realm of Zot
 61107 | Zot:1    | Got a garnet-encrusted leather armour
 61682 | Zot:5    | Entered Level 5 of the Realm of Zot
 61901 | Zot:5    | Received a gift from Nemelex Xobeh
 62600 | Zot:5    | Noticed an orb of fire
 62622 | Zot:4    | Gained mutation: Scrolls take you a little longer to read.
                  | [an orb of fire]
 62626 | Zot:5    | Noticed an orb of fire
 62642 | Zot:4    | Gained mutation: You tend to lose your temper in combat.
                  | [an orb of fire]
 62645 | Zot:4    | Gained mutation: You are clumsy. (Dex -2) [an orb of fire]
 62646 | Zot:4    | Killed an orb of fire
 62653 | Zot:5    | Noticed an orb of fire
 62654 | Zot:5    | Gained mutation: You occasionally shout uncontrollably at
                  | your foes. [an orb of fire]
 62667 | Zot:4    | Gained mutation: Potions are less effective at restoring
                  | your health. [an orb of fire]
 62669 | Zot:4    | Killed an orb of fire
 62698 | Zot:4    | Lost mutation: Scrolls take you a little longer to read.
                  | [potion of mutation]
 62698 | Zot:4    | Lost mutation: You tend to lose your temper in combat.
                  | [potion of mutation]
 62698 | Zot:4    | Gained mutation: Your flesh is cold resistant. (rC+)
                  | [potion of mutation]
 62698 | Zot:4    | Gained mutation: Your magical capacity is very low. (-20%
                  | MP) [potion of mutation]
 62698 | Zot:4    | Gained mutation: You possess an exceptional clarity of
                  | mind. [potion of mutation]
 62700 | Zot:5    | Noticed an orb of fire
 62705 | Zot:4    | Gained mutation: Armour fits poorly on your strangely
                  | shaped body. [an orb of fire]
 62707 | Zot:4    | Lost mutation: You possess an exceptional clarity of mind.
                  | [an orb of fire]
 62715 | Zot:4    | Gained mutation: Your magical capacity is extremely low.
                  | (-30% MP) [an orb of fire]
 62718 | Zot:4    | Killed an orb of fire
 62730 | Zot:5    | Gained mutation: You sometimes yell uncontrollably at your
                  | foes. [an orb of fire]
 62744 | Zot:4    | Gained mutation: You are occasionally teleported next to
                  | monsters. [an orb of fire]
 62748 | Zot:4    | Gained mutation: Your body often deteriorates upon taking
                  | damage. [an orb of fire]
 62749 | Zot:4    | Killed an orb of fire
 62829 | Zot:5    | Noticed an orb of fire
 62831 | Zot:5    | Noticed an ancient lich
 62832 | Zot:5    | Noticed an ancient lich
 62833 | Zot:5    | Gained mutation: You tend to lose your temper in combat.
                  | [an orb of fire]
 62835 | Zot:5    | Lost mutation: Your magical capacity is extremely low.
                  | (-30% MP) [an orb of fire]
 62847 | Zot:5    | HP: 5/233 [Orb Guardian (17)]
 62848 | Zot:5    | Slain by an Orb Guardian

Illustrated notes

Levels and vault maps discovered:
D:1:      lightli_molten_gateway, layout_rooms
D:2:      layout_loops_corners, first_ration, kennysheep_generic_room_5,
          uniq_natasha, uniq_jessica
D:3:      minmay_chambers_of_twos, layout_loops_ring, portal_sewer_entry_e
D:4:      layout_basic, minmay_temple_entry_slanted,
          minmay_fractal_squares_diagonal_5
D:5:      layout_basic, enter_ossuary_1
D:6:      layout_loops_ring, lemuel_zombie_altar_kikubaaqudgha, basic_altar
D:7:      minmay_flawed_box, layout_gridville, fedhas_altar_fruit_tree,
          uniq_pikel
D:8:      layout_gridville
D:9:      layout_roguey, old_standard_altar, nicolae_overflow_crystal_walls,
          david_nohive_1
D:10:     layout_rooms, zombieorc2_lemuel, uniq_harold, uniq_nergalle,
          uniq_erica
D:11:     cheibrodos_steamvent, layout_loops_ring, lair_entry_dummy,
          serial_shops, kennysheep_mini_moat, gauntlet_entry_generic,
          enter_bailey_3, st_stairs_7, minivault_16, minmay_evil_grid,
          uniq_maurice, uniq_snorg
D:12:     layout_loops_ring, nicolae_trove_entry_diagonal
D:13:     layout_basic, uniq_jorgrun
D:14:     wander_river, layout_rooms, david_vaults_1, nrook_uturn,
          ebering_ghost_rock_garden
D:15:     hangedman_spin_cycle
Temple:   hc_temple_tempest_star
Lair:1:   layout_regular_city, minmay_lair_oklob_chamber
Lair:2:   layout_regular_city, serial_bayou_shore_b
Lair:3:   layout_layer_cave, minmay_shoals_entry_lonely_mermaid,
          spider_nest_entry_rubble
Lair:4:   layout_regular_city
Lair:5:   layout_loops_ring, fungi_pond_lemuel, st_stairs_5, grunt_megastairs_1
Lair:6:   minmay_lair_end_enchanted_forest, layout_layer_cave,
          dpeg_slime_entry_enclosed_altar, grunt_megastairs_4,
          infiniplex_staircase_pool, serial_bayou_shore_b, lemuel_fruit_tree
Shoals:1: layout_shoals, uniq_kirke, uniq_josephine
Shoals:2: layout_shoals, st_shoals_ruin
Shoals:3: layout_shoals, nicolae_shoals_mertower, uniq_louise, uniq_nikola,
          uniq_roxanne
Shoals:4: shoals_end_simple, layout_shoals, hangedman_shoal_volcano
Spider:1: layout_spider_delve
Spider:2: layout_chambers, uniq_azrael
Spider:3: cheibrodos_forgotten_conduit, nicolae_spider_cling_ruins
Spider:4: guppyfry_spider_rune
Orc:1:    layout_diamond_mine, serial_shops, nicolae_shop_trees,
          nicolae_shop_stone, nicolae_shop_temple_entry_statues_fountains
Orc:2:    grunt_orc_tribal_feast, layout_caves, rock_pile, uniq_erolcha
Elf:1:    layout_gridlike, serial_shops, nicolae_shop_trees,
          hangedman_elf_disciples
Elf:2:    layout_loops_cross, minmay_misc_feat_columns
Elf:3:    minmay_elf_hall_four_x, layout_rooms
Vaults:1: nicolae_vaults_network_periphery, nicolae_vaults_little_squares_6,
          vaults_room_stairs_pillars, v_alt_pattern_2, v_misc_27,
          dpeg_vaults_monster_box, vaults_room_grunt_arrival_ludios, v_misc_4,
          nicolae_vaults_little_ls, layout_vaults_quadrants,
          portal_desolation_entry_garden
Vaults:2: ontoclasm_vaults_ring_square, vaults_dpeg_diagonal,
          grunt_vaults_swirl, ontoclasm_vaults_shuriken,
          hangedman_vaults_stretched_pinwheel, v_misc_19,
          nicolae_vaults_triangles, nicolae_vaults_little_squares_3,
          v_alt_pattern_5, vaults_room_door_hall, v_misc_11,
          vaults_room_stairs_pillars, v_misc_17, layout_vaults_omnibox
Vaults:3: vaults_room_door_hall, minmay_crypt_entry_simple_sparse,
          hangedman_vaults_hat, hangedman_vaults_stagger, vaults_dpeg_doors,
          grunt_vaults_diagonal, v_misc_23, hangedman_vaults_stretched_pinwheel,
          ontoclasm_vaults_spin, v_misc_23, v_misc_24, layout_vaults_omnicross,
          serial_shops, bzr_entry_road, uniq_frederick
Vaults:4: ontoclasm_vaults_decontamination, v_misc_16, hangedman_vaults_maws,
          v_misc_13, vaults_mumra_minichess_inversion,
          nicolae_vaults_diagonal_hallway_7, vaults_room_door_ring,
          vaults_mumra_chevron_long, hangedman_vaults_stitches, v_misc_30,
          nicolae_vaults_alarming, grunt_vaults_hallway_short,
          layout_vaults_ring, uniq_margery
Vaults:5: serial_shops
Depths:1: layout_cave_pools, abyss_entry, hell_entry, serial_shops, shop,
          kennysheep_pointless_box, chequers_serial_rivers_marsh,
          nrook_campfire, drop_trap, serial_bayou_pond_c,
          dpeg_stationary_puzzle, infiniplex_staircase_pool_lava
Depths:2: gammafunk_sealed_library, layout_small_grid, rand_demon_pan_entry_1,
          kennysheep_cross_bottleneck, grunt_hell_entry_dis_grunt, st_stairs_10
Depths:3: hangedman_box_tower, layout_gridville, rand_demon_pan_entry_7,
          serial_shops, kennysheep_mini, hell_entry, st_stairs_12,
          lemuel_old_faithful, uniq_asterion
Depths:4: minmay_cut_squares, layout_small_grid, minmay_room_of_horrors,
          tso_altar, hell_entry, solitary_fountain,
          hangedman_research_convocations, serial_bayou_shore_a, uniq_sojobo
Depths:5: evilmike_zot_entry_round, layout_gridlike, enter_ziggurat_f,
          hangedman_abyss_or_decor_stagger, hell_entry, pan_entry,
          minmay_shoptagon, uniq_enchantress
Zot:1:    layout_cellular_growth, grunt_ministairs_3, uniq_tiamat
Zot:2:    layout_misc_corridors
Zot:3:    layout_gridlike
Zot:4:    circus_mu, layout_onion, guppyfry_library_mini
Zot:5:    layout_misc_corridors, st_stairs_10

Skill      XL: |  1  2  3  4  5  6  7  8  9 10 11 12 13 14 15 16 17 18 19 20 21 22 23 24 25 |
---------------+----------------------------------------------------------------------------+-----
Throwing       | 2 3 4 5 7 8 9 10 11 12 | 12.0
Fighting       | 3 4 5 6 7 9 10 11 12 13 14 15 16 17 18 19 20 | 20.8
Invocations    | 1 4 6 9 11 13 14 15 16 17 18 19 20 21 22 23 24 | 24.9
Armour         | 2 4 6 7 9 10 11 12 13 14 15 17 18 20 | 20.0
Staves         | 5 8 10 12 13 14 | 14.0
Maces & Flails | 2 6 9 11 13 | 13.7
Shields        | 1 4 6 8 9 10 11 12 13 | 13.6
Evocations     | 4 5 |  5.0
Dodging        | 3 6 8 10 11 | 11.3
Short Blades   | |  1.7
Stealth        | |  3.6

Action                   |  1- 3 |  4- 6 |  7- 9 | 10-12 | 13-15 | 16-18 | 19-21 | 22-24 | 25-27 || total
-------------------------+-------+-------+-------+-------+-------+-------+-------+-------+-------++-------
Melee: Dagger            |    91 |   278 |   541 |   638 |       |       |       |       |       ||  1548
       Kick              |    11 |    59 |   236 |   341 |   348 |       |   762 |   923 |   243 ||  2923
       Whip              |       |       |       |     3 |       |       |       |       |       ||     3
       Lajatang          |       |       |       |   178 |  1139 |   629 |       |       |       ||  1946
       Unarmed           |       |       |       |     4 |       |     4 |       |       |       ||     8
       Demon whip        |       |       |       |       |       |   851 |       |       |       ||   851
       Eveningstar       |       |       |       |       |       |   351 |  1589 |  2135 |   589 ||  4664
Throw: Dart              |       |    11 |     1 |       |     5 |    90 |       |       |       ||   107
       Throwing net      |       |     1 |       |       |       |       |       |       |       ||     1
       Javelin           |       |       |       |       |       |       |     9 |     5 |       ||    14
Invok: Draw Destruction  |       |       |     6 |    24 |    10 |    22 |    10 |     5 |       ||    77
       Draw Escape       |       |       |       |    10 |     2 |     5 |       |       |       ||    17
       Draw Summoning    |       |       |       |    12 |       |     8 |     1 |     3 |       ||    24
       Triple Draw       |       |       |       |     1 |       |       |       |       |       ||     1
       Deal Four         |       |       |       |       |    10 |     7 |     6 |     7 |     3 ||    33
Evoke: Wand              |       |       |       |    14 |       |     2 |       |     1 |     2 ||    19
  Use: Scroll            |       |    14 |     8 |     4 |    15 |    17 |     9 |    10 |    19 ||    96
       Potion            |       |       |       |     1 |       |     5 |     6 |     6 |     4 ||    22
 Stab: Distracted        |     1 |       |       |     1 |       |     3 |     1 |     1 |       ||     7
       Sleeping          |     3 |       |       |     1 |       |       |       |       |       ||     4
       Held in net/web   |       |     3 |       |       |       |     1 |       |       |       ||     4
       Petrified         |       |       |       |     2 |       |       |       |       |       ||     2
  Eat: Ration            |     1 |     3 |     4 |     8 |    10 |    12 |     7 |     7 |     2 ||    54
Armor: Robe              |    20 |       |       |       |       |       |       |       |       ||    20
       Scale mail        |    16 |   197 |   105 |   424 |   419 |       |       |       |       ||  1161
       Plate armour      |       |       |   250 |   179 |   534 |  2581 |  1037 |  1293 |    40 ||  5914
       Gold dragon scale |       |       |       |       |       |       |       |       |   374 ||   374
Dodge: Dodged            |    46 |   132 |   183 |   486 |   548 |   712 |   239 |   500 |   148 ||  2994
Block: Kite shield       |       |       |       |       |       |   219 |       |       |       ||   219
       Tower shield      |       |       |       |       |       |   316 |  1423 |  2246 |   746 ||  4731
       Reflection        |       |       |       |       |       |       |       |    21 |     5 ||    26

Table legend:
 A = Non-vault XP
 B = Vault XP
 C = Vault XP percentage of total XP
 D = Non-vault monster count
 E = Vault monster count
 F = Vault count percentage of total count
                 A         B        C        D         E       F
            +---------+---------+-------+---------+---------+-------
      Total |  642629 |  670543 |  51.1 |    1364 |     900 |  39.8
            +---------+---------+-------+---------+---------+-------
        D:1 |      39 |       0 |   0.0 |      21 |       0 |   0.0
        D:2 |     105 |      86 |  45.0 |      13 |       4 |  23.5
        D:3 |      81 |      69 |  46.0 |      16 |      16 |  50.0
        D:4 |     237 |       5 |   2.1 |      15 |       2 |  11.8
        D:5 |     239 |       0 |   0.0 |      14 |       0 |   0.0
        D:6 |     942 |       6 |   0.6 |      29 |       4 |  12.1
        D:7 |    1420 |     893 |  38.6 |      31 |       7 |  18.4
        D:8 |    1305 |       0 |   0.0 |      21 |       0 |   0.0
        D:9 |    4869 |    1309 |  21.2 |      48 |      17 |  26.2
       D:10 |    2907 |    2595 |  47.2 |      20 |      39 |  66.1
       D:11 |    4726 |    7259 |  60.6 |      19 |      19 |  50.0
       D:12 |    7547 |       0 |   0.0 |      30 |       0 |   0.0
       D:13 |    5500 |    1254 |  18.6 |      30 |       1 |   3.2
       D:14 |    4797 |    2847 |  37.2 |      19 |       4 |  17.4
       D:15 |       0 |   45936 | 100.0 |       0 |      87 | 100.0
     Lair:1 |    4328 |       0 |   0.0 |      18 |       0 |   0.0
     Lair:2 |    4375 |       0 |   0.0 |      24 |       0 |   0.0
     Lair:3 |    8061 |     993 |  11.0 |      26 |       2 |   7.1
     Lair:4 |    4040 |       0 |   0.0 |      17 |       0 |   0.0
     Lair:5 |    4597 |     941 |  17.0 |      21 |       3 |  12.5
     Lair:6 |   10753 |   10550 |  49.5 |      43 |      50 |  53.8
   Shoals:1 |   18903 |    3073 |  14.0 |      33 |       7 |  17.5
   Shoals:2 |    4152 |    5699 |  57.9 |       9 |       9 |  50.0
   Shoals:3 |    2806 |    7984 |  74.0 |       7 |      10 |  58.8
   Shoals:4 |   11029 |   21856 |  66.5 |      23 |      36 |  61.0
   Spider:1 |   11642 |       0 |   0.0 |      35 |       0 |   0.0
   Spider:2 |   20101 |    3413 |  14.5 |      46 |       6 |  11.5
   Spider:3 |   11066 |    2468 |  18.2 |      33 |       5 |  13.2
   Spider:4 |    8178 |   24755 |  75.2 |      24 |      38 |  61.3
      Orc:1 |      87 |     985 |  91.9 |       6 |       1 |  14.3
      Orc:2 |    4443 |    7907 |  64.0 |      28 |      31 |  52.5
      Elf:1 |   18113 |    5649 |  23.8 |      30 |       9 |  23.1
      Elf:2 |   11186 |   22741 |  67.0 |      20 |      29 |  59.2
      Elf:3 |   17042 |   44575 |  72.3 |      31 |      37 |  54.4
   Vaults:1 |   27848 |   24239 |  46.5 |      45 |      30 |  40.0
   Vaults:2 |   27324 |   20536 |  42.9 |      53 |      27 |  33.8
   Vaults:3 |   57567 |   21668 |  27.3 |      92 |      21 |  18.6
   Vaults:4 |   35981 |   33983 |  48.6 |      56 |      36 |  39.1
   Vaults:5 |   28057 |  108262 |  79.4 |      40 |      80 |  66.7
   Depths:1 |   25927 |     685 |   2.6 |      44 |       1 |   2.2
   Depths:2 |   39528 |    5733 |  12.7 |      52 |      10 |  16.1
   Depths:3 |   38655 |   79084 |  67.2 |      41 |      66 |  61.7
   Depths:4 |   24745 |   39098 |  61.2 |      22 |      32 |  59.3
   Depths:5 |   25929 |   26304 |  50.4 |      13 |      21 |  61.8
      Zot:1 |    9465 |       0 |   0.0 |       6 |       0 |   0.0
      Zot:2 |    5344 |       0 |   0.0 |       3 |       0 |   0.0
      Zot:3 |   10768 |       0 |   0.0 |       4 |       0 |   0.0
      Zot:4 |   14377 |   40025 |  73.6 |      10 |       7 |  41.2
      Zot:5 |   30652 |   21898 |  41.7 |      16 |       9 |  36.0
    Abyss:2 |   10305 |       0 |   0.0 |      18 |       0 |   0.0
    Abyss:3 |   11534 |   18669 |  61.8 |      27 |      16 |  37.2
    Abyss:4 |    9007 |       0 |   0.0 |      22 |       0 |   0.0
      Sewer |       0 |     116 | 100.0 |       0 |       6 | 100.0
    Ossuary |       0 |     361 | 100.0 |       0 |      25 | 100.0
     Bailey |       0 |    4034 | 100.0 |       0 |      40 | 100.0
            +---------+---------+-------+---------+---------+-------
